AoeStats
← eze402

Arena

510146739Analyzed
2v2 RM · 2d ago on Sep 29, 2026· 68m 21s· 4 players
Game mode
Random Map
Map size
Medium (4 player)
Population
200
Speed
Normal
Resources
Standard
Victory
Conquest
Starting age
Dark Age
Ending age
Imperial Age
RankedLock teamsTeams togetherTeam positionsShared explorationLock speedFull tech treeHidden civsTurbo modeCheats
Victory
Defeat
🇦🇷 Turks · Argentina
1108
+18
🇦🇷 Vietnamese · Argentina
1108
+18
🇮🇳 Teutons · India
1267
-23
🇮🇳 Ethiopians · India
1024
-13
eze402
11:57 Feudal Age
10:21 Loom
12:07 Feudal Age
15:15 Fletching
22:07 Castle Age
21:07 Wheelbarrow
26:08 Double-Bit Axe
28:03 Bow Saw
28:32 Horse Collar
29:16 Town Watch
32:32 Heavy Plow
32:58 Hand Cart
32:56 Padded Archer Armor
33:19 Stone Mining
33:22 Gold Mining
36:00 Thumb Ring
38:52 Imperial Age
38:10 Thumb Ring
38:02 Bodkin Arrow
39:44 Leather Archer Armor
39:35 Bracer
39:25 Elite Rattan Archer
40:45 Crop Rotation
41:09 Ballistics
41:40 Ring Archer Armor
44:45 Chemistry
44:22 Pikeman
45:36 Halberdier
46:19 Scale Mail Armor
47:31 Chain Mail Armor
47:27 Forging
52:04 Iron Casting
52:21 Plate Mail Armor
53:34 Caravan
53:45 Murder Holes
54:01 Masonry
54:56 Siege Engineers
55:50 Squires
55:37 Arson
63:36 Paper Money
PlasticMind
12:46 Feudal Age
11:32 Loom
17:22 Castle Age
22:50 Imperial Age
21:45 Double-Bit Axe
23:17 Gold Mining
27:26 Bow Saw
31:59 Wheelbarrow
34:57 Conscription
35:49 Bloodlines
36:42 Town Watch
39:47 Heavy Camel Rider
42:10 Forging
42:05 Scale Barding Armor
44:55 Iron Casting
44:40 Chain Barding Armor
45:20 Fletching
47:54 Blast Furnace
47:30 Plate Barding Armor
49:00 Plate Barding Armor
51:01 Husbandry
57:07 Bodkin Arrow
57:48 Scale Mail Armor
61:28 Bracer
65:49 Chain Mail Armor
FORE_PoLiCe
12:14 Feudal Age
13:42 Double-Bit Axe
16:49 Castle Age
14:36 Loom
14:45 Horse Collar
18:00 Loom
18:51 Wheelbarrow
20:58 Husbandry
31:11 Heavy Plow
31:31 Bow Saw
33:39 Scale Barding Armor
33:45 Forging
37:09 Imperial Age
35:00 Hand Cart
35:59 Gold Mining
36:04 Stone Mining
36:40 Chain Barding Armor
37:21 Heavy Camel Rider
38:53 Stone Shaft Mining
38:57 Gold Shaft Mining
40:29 Iron Casting
42:13 Royal Heirs
49:41 Man-at-Arms
50:08 Arson
50:23 Squires
51:59 Long Swordsman
53:22 Masonry
53:23 Fortified Wall
54:22 Chemistry
53:31 Scale Mail Armor
54:33 Blast Furnace
53:06 Two-Handed Swordsman
54:53 Architecture
54:03 Halberdier
55:28 Chain Mail Armor
62:22 Murder Holes
Fore_Ruthless
8:30 Feudal Age
8:50 Loom
9:20 Double-Bit Axe
9:21 Horse Collar
11:07 Town Watch
14:10 Fletching
18:48 Wheelbarrow
23:28 Castle Age
24:08 Bodkin Arrow
25:17 Bow Saw
26:05 Guard Tower
27:29 Ballistics
31:53 Imperial Age
30:11 Heavy Plow
32:47 Gold Mining
32:48 Stone Mining
36:07 Conscription
36:41 Crenellations
39:11 Chemistry
39:10 Scale Barding Armor
39:16 Forging
40:14 Chain Barding Armor
40:32 Hand Cart
39:56 Cavalier
40:51 Bloodlines
41:56 Iron Casting
42:22 Plate Barding Armor
45:09 Paladin
48:15 Blast Furnace
48:29 Hoardings
50:35 Arrowslits
51:26 Keep
51:49 Heavy Scorpion
56:41 Masonry
58:23 Siege Engineers
62:51 Padded Archer Armor
63:43 Caravan
63:10 Crossbowman
63:15 Elite Skirmisher
64:54 Leather Archer Armor
67:00 Ring Archer Armor
Connection lost

Rejoining the realm…

Still unreachable

The connection could not be restored.

Session expired

The server has moved on; the page needs a fresh start.